[ AOE2 MATCH · #504750395 ]
UnrankedMagyars vs Magyars
Player's team · LOSS
Rival team · WIN
[ REPLAY ANALYSIS · EXTRACTED FROM THE RECORDED GAME ]
Feudal
10:10
Castle
—
Imperial
—
| APM avg | 37.8 |
| APM peak | 72 |
| eAPM avg | 15.5 |
| Villagers / military | 33 / 9 |
Focus
⚔️ 24.8% · 🌾 75.2%
Scout Cavalry ×5 · Spearman ×4
Feudal
9:51
Castle
—
Imperial
—
| APM avg | 68.9 |
| APM peak | 112 |
| eAPM avg | 20.8 |
| Villagers / military | 33 / 6 |
Focus
⚔️ 21.1% · 🌾 78.9%
Scout Cavalry ×4 · Spearman ×2
Match map
Initial resources + every placement click. Lines = walls · curves = elevation contours. ◆ gold · ⬟ stone · ● berries · ✦ relic · ◌ wall gap
Your base· Open — 8t gap
TVHG . ApoloPacman's base· Open — unwalled flank
Smoothed initial terrain · ◌ = detected wall gap · hover for details
Inputs per minute
— IT Lâm Hà - - TVHG . ApoloPacman
Build order — IT Lâm Hà
66 actions detected in the replay
| 0:01 | Queue | Villager (Male) |
| 0:01 | Queue | Villager (Male) |
| 0:01 | Queue | Villager (Male) |
| 0:02 | Queue | Villager (Male) |
| 0:02 | Queue | Villager (Male) |
| 0:04 | Build | House |
| 0:05 | Build | House |
| 2:05 | Queue | Villager (Male) |
| 2:05 | Queue | Villager (Male) |
| 2:34 | Research | Loom |
| 2:35 | Research | Loom |
| 2:48 | Build | Mill |
| 2:50 | Queue | Villager (Male) |
| 2:50 | Queue | Villager (Male) |
| 2:51 | Queue | Villager (Male) |
| 2:51 | Queue | Villager (Male) |
| 3:42 | Queue | Villager (Male) |
| 3:42 | Queue | Villager (Male) |
| 3:43 | Queue | Villager (Male) |
| 3:43 | Queue | Villager (Male) |
| 4:06 | Build | Lumber Camp |
| 4:17 | Queue | Villager (Male) |
| 4:33 | Build | House |
| 4:51 | Queue | Villager (Male) |
| 4:51 | Queue | Villager (Male) |
| 5:43 | Queue | Villager (Male) |
| 5:43 | Queue | Villager (Male) |
| 5:48 | Queue | Villager (Male) |
| 5:48 | Queue | Villager (Male) |
| 5:48 | Queue | Villager (Male) |
| 5:49 | Queue | Villager (Male) |
| 6:50 | Queue | Villager (Male) |
| 6:50 | Queue | Villager (Male) |
| 6:50 | Queue | Villager (Male) |
| 6:50 | Queue | Villager (Male) |
| 6:51 | Queue | Villager (Male) |
| 7:03 | Queue | Villager (Male) |
| 7:36 | Queue | Villager (Male) |
| 8:00 | Research | Feudal Age |
| 8:33 | Build | Barracks |
| 8:40 | Build | Barracks |
| 8:44 | Build | House |
| 9:06 | Build | Palisade Wall |
| 9:23 | Build | Palisade Wall |
| 9:32 | Build | Palisade Wall |
| 9:45 | Queue | Villager (Male) |
| 9:45 | Queue | Villager (Male) |
| 10:10 | Age | Feudal Age |
| 10:15 | Build | Stable |
| 10:24 | Build | House |
| 10:58 | Build | Blacksmith |
| 11:04 | Build | House |
| 11:07 | Queue | Scout Cavalry |
| 11:21 | Queue | Scout Cavalry |
| 11:27 | Build | Mining Camp |
| 11:54 | Queue | Scout Cavalry |
| 11:57 | Queue | Spearman |
| 12:07 | Build | Watch Tower |
| 12:21 | Queue | Spearman |
| 12:33 | Build | Mill |
| 13:13 | Build | House |
| 13:36 | Queue | Scout Cavalry |
| 13:36 | Queue | Scout Cavalry |
| 13:39 | Build | House |
| 13:51 | Queue | Spearman |
| 13:51 | Queue | Spearman |
Build order — TVHG . ApoloPacman
63 actions detected in the replay
| 0:02 | Queue | Villager (Male) |
| 0:03 | Queue | Villager (Male) |
| 0:03 | Queue | Villager (Male) |
| 0:03 | Queue | Villager (Male) |
| 0:03 | Queue | Villager (Male) |
| 0:06 | Build | House |
| 0:09 | Build | House |
| 1:28 | Queue | Villager (Male) |
| 1:29 | Queue | Villager (Male) |
| 2:19 | Queue | Villager (Male) |
| 2:19 | Queue | Villager (Male) |
| 2:43 | Queue | Villager (Male) |
| 2:43 | Queue | Villager (Male) |
| 2:56 | Build | Lumber Camp |
| 3:06 | Queue | Villager (Male) |
| 3:06 | Queue | Villager (Male) |
| 3:06 | Queue | Villager (Male) |
| 3:12 | Build | House |
| 3:22 | Queue | Villager (Male) |
| 3:23 | Queue | Villager (Male) |
| 3:23 | Queue | Villager (Male) |
| 4:09 | Queue | Villager (Male) |
| 4:43 | Queue | Villager (Male) |
| 4:55 | Build | Mill |
| 5:15 | Queue | Villager (Male) |
| 5:15 | Queue | Villager (Male) |
| 5:15 | Queue | Villager (Male) |
| 6:07 | Queue | Villager (Male) |
| 6:07 | Queue | Villager (Male) |
| 6:07 | Queue | Villager (Male) |
| 7:01 | Research | Loom |
| 7:41 | Research | Feudal Age |
| 7:41 | Research | Feudal Age |
| 7:42 | Research | Feudal Age |
| 8:04 | Build | Barracks |
| 8:11 | Build | House |
| 9:51 | Age | Feudal Age |
| 9:53 | Queue | Villager (Male) |
| 9:54 | Queue | Villager (Male) |
| 9:58 | Build | Stable |
| 10:11 | Build | Mining Camp |
| 10:33 | Queue | Scout Cavalry |
| 10:44 | Queue | Spearman |
| 10:49 | Queue | Scout Cavalry |
| 10:50 | Queue | Villager (Male) |
| 11:00 | Build | House |
| 11:02 | Build | Blacksmith |
| 11:29 | Build | Watch Tower |
| 11:35 | Queue | Spearman |
| 12:13 | Queue | Scout Cavalry |
| 12:13 | Queue | Scout Cavalry |
| 12:41 | Build | Watch Tower |
| 12:56 | Build | Watch Tower |
| 13:05 | Queue | Villager (Male) |
| 13:05 | Queue | Villager (Male) |
| 13:08 | Build | Farm |
| 13:09 | Build | Farm |
| 13:53 | Build | Market |
| 13:55 | Build | Farm |
| 14:01 | Queue | Villager (Male) |
| 14:43 | Queue | Villager (Male) |
| 14:43 | Queue | Villager (Male) |
| 14:45 | Build | Farm |
Match timeline
| 8:04 | TVHG . ApoloPacman · first_building Barracks |
| 8:33 | IT Lâm Hà · first_building Barracks |
| 9:06 | IT Lâm Hà · wall_segment Palisade Wall x8 |
| 9:23 | IT Lâm Hà · wall_segment Palisade Wall x9 |
| 9:32 | IT Lâm Hà · wall_segment Palisade Wall x4 |
| 9:51 | TVHG . ApoloPacman · age_up feudal |
| 9:58 | TVHG . ApoloPacman · first_building Stable |
| 10:10 | IT Lâm Hà · age_up feudal |
| 10:15 | IT Lâm Hà · first_building Stable |
| 15:03 | IT Lâm Hà · resign |
[ AI ANALYSIS · 1 CREDIT ]
What really happened in this match?
Wolo.gg analyzes every decision: build order, eco, micro, common mistakes by bracket. Personalized analysis on WhatsApp or Discord in 30 seconds.
Civ guide
Magyars
Perfil
Jugador #4974349